[Event "Early-Titled-Tuesday-Blitz-January-16-2024"]
[Site "Chess.com"]
[Date "2024.01.16"]
[Round "2"]
[White "bazar-wokzal"]
[Black "Pawnpusher1245"]
[Result "1-0"]
[WhiteElo "2605"]
[BlackElo "2358"]
[TimeControl "180+1"]
[EndTime "8:17:02 PST"]
[Termination "bazar-wokzal won by resignation"]

1. e4 g6 2. Nc3 Bg7 3. h4 h5 4. Nf3 c6 5. Ng5 d5 6. d4 dxe4 7. Bc4 Nh6 8. Be3 Bg4 9. Qd2 Nd7 10. Ncxe4 O-O 11. f3 Bf5 12. O-O-O a5 13. g4 hxg4 14. h5 b5 15. Bd3 Nf6 16. hxg6 Bxg6 17. Nxf6+ exf6 18.
Bxg6 fxg6 19. Ne6 Qd5 20. Nxf8 Qxa2 21. c3 Qa1+ 22. Kc2 Qa4+ 23. Kb1 Bxf8 24. Bxh6 1-0

[Event "Early-Titled-Tuesday-Blitz-January-16-2024"]
[Site "Chess.com"]
[Date "2024.01.16"]
[Round "2"]
[White "Malev212"]
[Black "sergoy"]
[Result "0-1"]
[WhiteElo "2638"]
[BlackElo "3016"]
[TimeControl "180+1"]
[EndTime "8:17:03 PST"]
[Termination "sergoy won on time"]

1. e4 c5 2. Nf3 d6 3. d4 cxd4 4.
Nxd4 Nf6 5. Nc3 a6 6. Bc4 e6 7. Be3 Be7 8. Bb3 b5 9. a3 O-O 10. Qe2 Bb7 11. f3 Nc6 12. O-O-O Na5 13. Kb1 Rc8 14.
e5 Nxb3 15. Nxb3 Nd5 16. Bd4 dxe5 17. Bxe5 Bf6 18. Bxf6 Qxf6 19. Ne4 Qe7 20. Rhe1 b4 21. a4 Rc7 22. Na5 Nc3+ 23. bxc3 bxc3 24. Qe3 Qa3 25. Qc1 Qxa4 26. Nb3 Rb8 0-1

[Event "Early-Titled-Tuesday-Blitz-January-16-2024"]
[Site "Chess.com"]
[Date "2024.01.16"]
[Round "2"]
[White "AldokhinIvan"]
[Black "XDPS"]
[Result "0-1"]
[WhiteElo "2597"]
[BlackElo "2901"]
[TimeControl "180+1"]
[EndTime "8:17:05 PST"]
[Termination "XDPS won on time"]

1. e4 c5 2. Nf3 d6 3. d4 cxd4 4. Nxd4 Nf6 5. Nc3 a6 6. Bc4 e6 7. Bb3 b5 8. O-O Qb6 9. Be3 Qb7 10. Re1 Be7 11. Bg5 O-O 12. Qf3 b4 13. Na4 Nbd7 14.
Rad1 h6 15. Bh4 Ne5 16. Qe2 Bd7 17. f4 Ng6 18. Bg3 Rac8 19. f5 exf5 20. Nxf5 Bxf5 21. exf5 Ne5 22. Bxe5 dxe5 23. Qxe5 Rfe8 24. Kh1 Bf8 25. Qg3 Qb5 26. Qf3 Rcd8 27. h3 Rxd1 28. Rxd1 Ne4 29. Re1 Qe5 30. Rd1 Bd6 31. Rxd6 Qxd6 0-1

[Event "Early-Titled-Tuesday-Blitz-January-16-2024"]
[Site "Chess.com"]
[Date "2024.01.16"]
[Round "2"]
[White "finec2"]
[Black "KChor05"]
[Result "0-1"]
[WhiteElo "2324"]
[BlackElo "2550"]
[TimeControl "180+1"]
[EndTime "8:17:06 PST"]
[Termination "KChor05 won by resignation"]

1. e4 c5 2. Nf3 Nc6 3. d4 cxd4 4. Nxd4 g6 5. Nc3 Bg7 6. Be3 Nf6 7. Bc4 O-O 8. Bb3 d6 9. f3 Bd7 10. Qd2 Na5 11.
O-O-O Nxb3+ 12. axb3 a5 13. Kb1 a4 14. b4 a3 15. b3 Qc7 16. Na2 Rfd8 17. g4 e5 18. Ne2 Be6 19. g5 Nh5 20. Nec3 Nf4 21. Nd5 Nxd5 22.
exd5 Bf5 23. h4 Rdc8 24. Rh2 Qd7 25. h5 Rxc2 26. Qxc2 Rc8 27. Rc1 Rxc2 28. Rcxc2 gxh5 29. Kc1 Bxc2 30. Rxc2 Qf5 31. Rf2 h4 32. Nc3 Qd3 33.
Nd1 Qxb3 0-1

[Event "Early-Titled-Tuesday-Blitz-January-16-2024"]
[Site "Chess.com"]
[Date "2024.01.16"]
[Round "2"]
[White "Practical-Play"]
[Black "Kaissa10"]
[Result "1-0"]
[WhiteElo "2499"]
[BlackElo "2218"]
[TimeControl "180+1"]
[EndTime "8:17:06 PST"]
[Termination "Practical-Play won on time"]

1. e4 c5 2. Nc3 Nc6 3. Bb5 Nd4 4. Nf3 g6 5. h4 Bg7 6. h5 Nxb5 7.
Nxb5 a6 8. Nc3 e6 9. d4 cxd4 10. Nxd4 b5 11. Be3 Bb7 12. a3 g5 13. Qd2 h6 14. O-O-O Ne7 15. f4 gxf4 16. Bxf4 e5 17. Ndxb5 axb5 18. Nxb5 O-O 19. Bxh6 Qb6 20. Bxg7 Kxg7 21.
Qg5+ Ng6 22. hxg6 Qxg6 23. Qxe5+ f6 24. Rxd7+ Rf7 25. Qe6 Rf8 26. Nd6 1-0

[Event "Early-Titled-Tuesday-Blitz-January-16-2024"]
[Site "Chess.com"]
[Date "2024.01.16"]
[Round "2"]
[White "Millerkallpa"]
[Black "FlemingA"]
[Result "1-0"]
[WhiteElo "2103"]
[BlackElo "2430"]
[TimeControl "180+1"]
[EndTime "8:17:07 PST"]
[Termination "Millerkallpa won by resignation"]

1. e4 e6 2. d4 d5 3. e5 c5 4. c3 Nc6 5. Nf3 Qb6 6. a3 Nh6 7. b4 cxd4 8. cxd4 Nf5 9. Bb2 Bd7 10. g4 Nh6 11. h3 a5 12. b5 Ne7 13. a4 Ng6 14.
Qd2 Rc8 15. Bd3 f6 16. O-O f5 17. gxf5 Nxf5 18. Bxf5 exf5 19. Nc3 Bb4 20. Nxd5 Bxd2 21. Nxb6 Rc2 22. Ba3 f4 23. Rfd1 Bb4 24. Bxb4 axb4 25.
e6 Bxe6 26. Re1 Kf7 27. Ng5+ Kf6 28. Nxe6 f3 29. Nd5+ Kf7 30. Ng5+ Kf8 31. Rac1 1-0

[Event "Early-Titled-Tuesday-Blitz-January-16-2024"]
[Site "Chess.com"]
[Date "2024.01.16"]
[Round "2"]
[White "chucksterf10"]
[Black "GodDMuhammad"]
[Result "0-1"]
[WhiteElo "2651"]
[BlackElo "2368"]
[TimeControl "180+1"]
[EndTime "8:17:08 PST"]
[Termination "GodDMuhammad won by resignation"]

1. Nf3 Nf6 2. c4 e6 3. b3 d5 4. Bb2 Bd6 5. Nc3 c6 6. d3 Nbd7 7. e4 Qa5 8. a3 dxe4 9. b4 Bxb4 10. axb4 Qxb4 11. Qd2 exf3 12. gxf3 Ne5 13. Bg2 Qxb2 14. Qxb2 Nxd3+ 15. Kd2 Nxb2 16. Bf1 Ke7 17. Kc2 Nxc4 18. Bxc4 b5 19. Bd3 a5 20. Kb3 Bd7 21. h4 Rhb8 22. h5 c5 23. Bc2 c4+ 24. Kb2 b4 25. Na4 c3+ 26. Kb3 Bc6 27. Nc5 Rb5 28. Ne4 Bd5+ 29.
Ka4 Rab8 30. Bb3 Nxe4 31. Bxd5 Rxd5 32. fxe4 Rd2 33. Kb3 Rb2+ 34. Kc4 Rc8+ 35. Kd3 c2 36.
Rhc1 b3 37. e5 a4 38. Rxa4 Rb1 39. Ra7+ Ke8 40. Kd2 Rd8+ 41. Kc3 Rxc1 42. Kxb3 Rb8+ 43. Ka2 Ra1+ 0-1

[Event "Early-Titled-Tuesday-Blitz-January-16-2024"]
[Site "Chess.com"]
[Date "2024.01.16"]
[Round "2"]
[White "ElDivis"]
[Black "Akewjon"]
[Result "0-1"]
[WhiteElo "2438"]
[BlackElo "2751"]
[TimeControl "180+1"]
[EndTime "8:17:09 PST"]
[Termination "Akewjon won on time"]

1. d4 Nf6 2. Nf3 g6 3. c4 Bg7 4. Nc3 O-O 5. e4 d6 6. Be2 e5 7. O-O h6 8. d5 Nh7 9. c5 dxc5 10. Be3 b6 11. Nd2 Nd7 12. a3 a6 13. b4 cxb4 14.
axb4 f5 15. f3 Bb7 16. Nc4 Kh8 17. d6 Ng5 18. dxc7 Qxc7 19. Qd6 Rac8 20. Qxg6 b5 21. h4 Nh7 22. Nd6 Qxc3 23. Bxh6 Bxh6 24. Qxh6 Rf6 0-1

[Event "Early-Titled-Tuesday-Blitz-January-16-2024"]
[Site "Chess.com"]
[Date "2024.01.16"]
[Round "2"]
[White "WhiteKnight2612"]
[Black "ChainedDowntohell"]
[Result "1-0"]
[WhiteElo "2863"]
[BlackElo "2573"]
[TimeControl "180+1"]
[EndTime "8:17:11 PST"]
[Termination "WhiteKnight2612 won on time"]

1. c4 b6 2. Nc3 Bb7 3. e4 e5 4. d3 Nc6 5. Nge2 Bc5 6. Be3 Nge7 7. Qd2 O-O 8. g4 Ng6 9. O-O-O Nh4 10. Kb1 Nd4 11.
Qc1 c6 12. Bxd4 exd4 13. Na4 Bd6 14. Nxd4 Qf6 15. Nf5 Nxf5 16. gxf5 b5 17. Nc3 Be5 18. cxb5 cxb5 19. f4 Bd4 20. Nxb5 Rfc8 21. Qd2 Ba6 22. e5 Qb6 23. Nxd4 Qxd4 24. Bg2 Rab8 25. Be4 Rc5 26. Rc1 Rcb5 27. Rc2 h6 28. h4 Rb4 29. f6 1-0

[Event "Early-Titled-Tuesday-Blitz-January-16-2024"]
[Site "Chess.com"]
[Date "2024.01.16"]
[Round "2"]
[White "Iball95"]
[Black "kaanadayhamle"]
[Result "1-0"]
[WhiteElo "2740"]
[BlackElo "2392"]
[TimeControl "180+1"]
[EndTime "8:17:11 PST"]
[Termination "Iball95 won by resignation"]

1. e4 e5 2. Nf3 Nc6 3. Nc3 Nf6 4. Bb5 Bc5 5. O-O d6 6. d4 exd4 7. Nxd4 Bd7 8. Nb3 Bb6 9. Bg5 a6 10. Bxf6 Qxf6 11. Nd5 Qg6 12. Nxb6 cxb6 13. Bc4 Ne5 14.
Be2 O-O 15. f4 Nc6 16. Bd3 Qf6 17. c3 Rfe8 18. Qd2 a5 19. Rae1 a4 20. Nc1 Qh6 21. a3 Na5 22. Qf2 b5 23. Ne2 Nc4 24. Nd4 Rac8 25. h3 Rcd8 26. Re2 Rc8 27. Rfe1 Bc6 28. Qg3 Qg6 29. Qf2 Qh6 30. Nf5 Qf6 31. Qg3 Bd7 32.
e5 Qg6 33. Ne7+ Rxe7 34. Bxg6 hxg6 35. exd6 Rxe2 36. Rxe2 Be6 37. Rxe6 fxe6 38. Qxg6 Rd8 39. Qxe6+ Kf8 40. d7 1-0

[Event "Early-Titled-Tuesday-Blitz-January-16-2024"]
[Site "Chess.com"]
[Date "2024.01.16"]
[Round "2"]
[White "DuleMudule"]
[Black "NewYearGirl"]
[Result "1-0"]
[WhiteElo "2834"]
[BlackElo "2408"]
[TimeControl "180+1"]
[EndTime "8:17:13 PST"]
[Termination "DuleMudule won by resignation"]

1. d4 Nf6 2. Bg5 c5 3. dxc5 e6 4. e3 Bxc5 5. Nd2 d5 6. a3 Nbd7 7. Ngf3 h6 8. Bh4 a5 9. c4 Qb6 10. Rb1 Ng4 11. cxd5 O-O 12. Nc4 Qc7 13. d6 Qb8 14.
Be7 b5 15. Ncd2 Bxe3 16. fxe3 Nxe3 17. Qb3 Nxf1 18. Rxf1 Re8 19. Qe3 Bb7 20. Kf2 Bd5 21.
Kg1 b4 22. Ne5 Nxe5 23. Qxe5 Qb6+ 24. Kh1 Qc6 25. Qg3 Qc2 26. Nf3 bxa3 27. bxa3 a4 28.
Rbc1 Qe2 29. Rfe1 Qa2 30. d7 Rxe7 31. Rc8+ 1-0

[Event "Early-Titled-Tuesday-Blitz-January-16-2024"]
[Site "Chess.com"]
[Date "2024.01.16"]
[Round "2"]
[White "Viktor_Poddubnyi"]
[Black "TitarovVasiliYouTube"]
[Result "0-1"]
[WhiteElo "2301"]
[BlackElo "2540"]
[TimeControl "180+1"]
[EndTime "8:17:13 PST"]
[Termination "TitarovVasiliYouTube won on time"]

1. e4 c5 2. Nf3 Nf6 3. e5 Nd5 4.
d4 cxd4 5. Qxd4 e6 6. Bc4 Nc6 7. Qe4 f5 8. Qe2 Nb6 9. Bb3 Be7 10. O-O O-O 11. Nc3 Na5 12. Re1 a6 13. Be3 Qc7 14.
Rad1 Nbc4 15. Bc1 b5 16. Qd3 Rd8 17. Bg5 Nxb2 18. Qd4 Bxg5 19. Nxg5 Nxd1 20. Nxd1 Nxb3 21.
cxb3 h6 22. Nh3 Bb7 23. Nf4 Rac8 24. Nh5 Qc1 0-1

[Event "Early-Titled-Tuesday-Blitz-January-16-2024"]
[Site "Chess.com"]
[Date "2024.01.16"]
[Round "2"]
[White "Alenzer"]
[Black "Tolyanius"]
[Result "0-1"]
[WhiteElo "2112"]
[BlackElo "2463"]
[TimeControl "180+1"]
[EndTime "8:17:13 PST"]
[Termination "Tolyanius won by resignation"]

1. e4 e5 2. Nf3 Nc6 3. Bb5 Nge7 4.
c3 a6 5. Ba4 d6 6. d4 Bd7 7.
O-O Ng6 8. Bb3 Be7 9. Re1 h6 10. Nbd2 Bg5 11. Nf1 Bxc1 12. Rxc1 Qf6 13. Ng3 Nf4 14.
Qd2 h5 15. h4 Bg4 16. Ng5 O-O 17. d5 Ne7 18. Bd1 Neg6 19. f3 Bc8 20. c4 Nxh4 21. Re2 Qxg5 22. Rf2 Qxg3 0-1

[Event "Early-Titled-Tuesday-Blitz-January-16-2024"]
[Site "Chess.com"]
[Date "2024.01.16"]
[Round "2"]
[White "bubeliang"]
[Black "andrzej"]
[Result "1-0"]
[WhiteElo "2776"]
[BlackElo "2401"]
[TimeControl "180+1"]
[EndTime "8:17:14 PST"]
[Termination "bubeliang won on time"]

1. b3 d5 2. Bb2 c5 3. f4 Nf6 4. Nf3 g6 5. e3 Bg7 6. Be2 O-O 7. O-O d4 8. exd4 Nd5 9. Ne5 Nc6 10. c4 Nf6 11. d5 Nd4 12. Na3 Bf5 13. d3 b5 14. Nc2 Nxc2 15. Qxc2 bxc4 16. bxc4 Rb8 17. Nc6 Qd7 18. Nxb8 Rxb8 19. Be5 Rd8 20. Rab1 e6 21. Qc3 exd5 22. cxd5 Nxd5 23. Qxc5 Rc8 24. Qd4 f6 25. Bf3 Nb6 26. Qxd7 Nxd7 27. Bd4 Bxd3 28. Bd5+ Kh8 29. Be6 Bxf1 30. Kxf1 Rd8 31. Bxd7 Rxd7 32. Rb8+ Bf8 33. Bc5 Kg7 34. Bxf8+ Kf7 35. Bc5 Rd2 36. Rb7+ Ke6 37. Rxa7 h5 38. Be3 Rc2 39. Ra5 1-0

[Event "Early-Titled-Tuesday-Blitz-January-16-2024"]
[Site "Chess.com"]
[Date "2024.01.16"]
[Round "2"]
[White "KuzubovYuriy"]
[Black "PolandHussars"]
[Result "1-0"]
[WhiteElo "2877"]
[BlackElo "2583"]
[TimeControl "180+1"]
[EndTime "8:17:17 PST"]
[Termination "KuzubovYuriy won on time"]

1. d4 Nf6 2. Nf3 c5 3. e3 e6 4. c4 b6 5. Nc3 Bb7 6. d5 exd5 7. cxd5 d6 8. Bc4 g6 9. O-O Bg7 10. e4 O-O 11. Re1 Re8 12. Bf4 a6 13. a4 Nh5 14.
Bg5 Qc7 15. h3 Nd7 16. Qd2 Nhf6 17. Qf4 Kh8 18. Bh6 Ne5 19. Nxe5 Rxe5 20. Bxg7+ Kxg7 21. Re3 Rae8 22. Rae1 Qd7 23. Qg3 Nh5 24. Qh4 Qe7 25.
Qxe7 R5xe7 26. Kf1 Bc8 27. h4 f5 28. exf5 Rxe3 29.
Rxe3 1-0

[Event "Early-Titled-Tuesday-Blitz-January-16-2024"]
[Site "Chess.com"]
[Date "2024.01.16"]
[Round "2"]
[White "knightinshiningarmour16"]
[Black "AttilaTurzo"]
[Result "0-1"]
[WhiteElo "2188"]
[BlackElo "2484"]
[TimeControl "180+1"]
[EndTime "8:17:18 PST"]
[Termination "AttilaTurzo won by checkmate"]

1. e4 c5 2. Nf3 d6 3. d4 cxd4 4. Nxd4 Nf6 5. f3 a6 6. c4 e5 7. Nb3 Be7 8. Nc3 O-O 9. Be3 a5 10. Be2 a4 11. Nd2 a3 12. b3 Nc6 13. O-O Be6 14. Nd5 Nd7 15. Re1 Bg5 16. Bf2 Nc5 17.
b4 Na4 18. b5 Nd4 19. Bf1 Nb2 20. Qc1 Qa5 21. Be3 Bxe3+ 22. Rxe3 Bxd5 23. cxd5 Rfc8 24. Nc4 Nxc4 25. Bxc4 Qb4 26. Rc3 Ra4 27. Rb1 Qc5 28.
Bb3 Ne2+ 29. Kh1 Nxc3 30. Bxa4 Nxb1 31. Qxb1 Qc1+ 32. Qxc1 Rxc1+ 33. Bd1 Rxd1# 0-1

[Event "Early-Titled-Tuesday-Blitz-January-16-2024"]
[Site "Chess.com"]
[Date "2024.01.16"]
[Round "2"]
[White "HATilay"]
[Black "Arystanner"]
[Result "1-0"]
[WhiteElo "2569"]
[BlackElo "2797"]
[TimeControl "180+1"]
[EndTime "8:17:20 PST"]
[Termination "HATilay won by resignation"]

1. d4 d5 2. c4 dxc4 3. Nf3 Nf6 4.
e3 e6 5. Bxc4 c5 6. O-O a6 7.
dxc5 Bxc5 8. Qxd8+ Kxd8 9. Be2 Ke7 10. Nbd2 Nbd7 11. Ne1 b6 12. Nd3 Bb7 13. b3 Rac8 14.
Nxc5 Nxc5 15. Ba3 a5 16. Rfc1 Nd5 17. Nc4 Ba6 18. Nxb6 Bxe2 19. Nxc8+ Rxc8 20. Rxc5 Rxc5 21. Bxc5+ Kd7 22. Rc1 f5 23. f3 g5 24. Kf2 Ba6 25. g3 h5 26. e4 fxe4 27. fxe4 Nf6 28. Rd1+ Ke8 29. Kf3 Bb7 30. Rd4 e5 31. Ra4 Bc6 32. Rxa5 Nxe4 33. Ke3 Nf6 34. b4 Ng4+ 35. Ke2 Nxh2 36.
b5 Bf3+ 37. Kd2 Kd7 38. b6 Kc6 39. Bf2 Ng4 40. Bg1 e4 41. Rxg5 1-0

[Event "Early-Titled-Tuesday-Blitz-January-16-2024"]
[Site "Chess.com"]
[Date "2024.01.16"]
[Round "2"]
[White "Puzzlebot_1294"]
[Black "TigrVShlyape"]
[Result "0-1"]
[WhiteElo "2609"]
[BlackElo "2943"]
[TimeControl "180+1"]
[EndTime "8:17:21 PST"]
[Termination "TigrVShlyape won by resignation"]

1. d4 f5 2. Nf3 Nf6 3. g3 g6 4. Bg2 Bg7 5. O-O O-O 6. c4 d6 7. Nc3 c6 8. b3 a5 9. Bb2 Na6 10. a3 Qc7 11. Qc2 e5 12. dxe5 dxe5 13. e4 Nc5 14. Nd2 f4 15. b4 Ne6 16. Ne2 g5 17. h3 h5 18. c5 g4 19. hxg4 hxg4 20.
f3 fxg3 21. Nxg3 Nf4 22. Nc4 N6h5 23. Nxh5 Nxh5 24. fxg4 Bxg4 25. Nxa5 Nf4 26. Rae1 Rf6 27. Qb3+ Be6 28. Qc2 Rg6 29. Rf2 Nh3+ 30. Kh1 Nxf2+ 31.
Qxf2 Rf8 32. Qe2 Qe7 33. Kg1 Bh3 0-1

[Event "Early-Titled-Tuesday-Blitz-January-16-2024"]
[Site "Chess.com"]
[Date "2024.01.16"]
[Round "2"]
[White "viktorgen2021"]
[Black "Andrey_Klymchuk"]
[Result "0-1"]
[WhiteElo "2547"]
[BlackElo "2801"]
[TimeControl "180+1"]
[EndTime "8:17:21 PST"]
[Termination "Andrey_Klymchuk won by resignation"]

1. d4 Nf6 2. Nf3 g6 3. g3 Bg7 4. Bg2 O-O 5. O-O b6 6. a4 Bb7 7.
a5 c5 8. Nc3 d6 9. dxc5 bxc5 10. Bg5 Nbd7 11. a6 Bc6 12. Nd2 Bxg2 13. Kxg2 Rb8 14. Nb3 Qc7 15. Ra2 Rb4 16. f3 Rfb8 17. Nd5 Nxd5 18. Qxd5 Nb6 19. Qd2 Nc4 20.
Qc1 e6 21. Rd1 d5 22. Bf4 Be5 23. Bxe5 Qxe5 24. e4 d4 25. Re1 Ne3+ 26. Kf2 h5 27.
Nd2 Qd6 28. b3 e5 29. Nf1 Nxf1 30. Kxf1 c4 31. bxc4 Rxc4 32. Rd1 Qc5 33. Kg2 Rc8 34. Qg5 Rxc2+ 35. Rxc2 Qxc2+ 36. Rd2 Qc3 37. g4 hxg4 38. fxg4 d3 39. h4 Qxd2+ 40. Qxd2 Rc2 0-1

[Event "Early-Titled-Tuesday-Blitz-January-16-2024"]
[Site "Chess.com"]
[Date "2024.01.16"]
[Round "2"]
[White "szefru"]
[Black "Giorno"]
[Result "0-1"]
[WhiteElo "2283"]
[BlackElo "2528"]
[TimeControl "180+1"]
[EndTime "8:17:22 PST"]
[Termination "Giorno won by resignation"]

1. e4 Nc6 2. d4 d6 3. Nf3 Nf6 4.
Nc3 e5 5. dxe5 Nxe5 6. Nxe5 dxe5 7. Qxd8+ Kxd8 8. Bg5 Be6 9. O-O-O+ Kc8 10. f3 a6 11.
Nd5 Nxd5 12. exd5 Bd7 13. Bc4 Bc5 14. Rhe1 f6 15. Be3 Bxe3+ 16. Rxe3 Rd8 17. d6 cxd6 18. Rxd6 Kc7 19. Red3 Bf5 20. Rxd8 Rxd8 21. Rxd8 Kxd8 22.
Kd2 h6 23. Bd5 Kc7 24. c4 b6 25. b4 Bc8 26. a4 Kd6 27. Kc3 f5 28. Kd3 Bd7 29. b5 a5 30. Kc3 Kc5 31. Bb7 Be6 32. Bc6 Bxc4 33. Bd7 f4 34. Bf5 Bf1 35. g3 Be2 36.
Be4 Bd1 0-1

[Event "Early-Titled-Tuesday-Blitz-January-16-2024"]
[Site "Chess.com"]
[Date "2024.01.16"]
[Round "2"]
[White "AGW2016"]
[Black "stollenmonster"]
[Result "1/2-1/2"]
[WhiteElo "2605"]
[BlackElo "2901"]
[TimeControl "180+1"]
[EndTime "8:17:23 PST"]
[Termination "Game drawn by repetition"]

1. d4 Nf6 2. Nc3 d5 3. Bf4 Bf5 4. e3 e6 5. Bd3 Bd6 6. Bg3 Bxd3 7. cxd3 c5 8. Nf3 Nc6 9. dxc5 Bxc5 10. d4 Bd6 11.
O-O O-O 12. Rc1 Rc8 13. Qd3 Qd7 14. Na4 b6 15. Qb5 Bxg3 16. hxg3 Ne4 17. Nc3 Nd6 18. Qe2 Rc7 19. Nb5 Nxb5 20. Qxb5 Rfc8 21. Rc3 Nb8 22. Qxd7 Nxd7 23. Rfc1 Rxc3 24. Rxc3 Rxc3 25. bxc3 Kf8 26. Kf1 h6 27. g4 Ke7 28. Ke2 Kd6 29. Kd3 b5 30. e4 f6 31. Nd2 Nb6 32. f4 Nc4 33. e5+ Ke7 34. Nb3 g6 35. Nc5 f5 36. gxf5 gxf5 37.
Ke2 a5 38. Kd3 a4 39. Ke2 Nb6 40. Kd3 Nd7 41. Nxd7 Kxd7 42. a3 Ke7 43. Ke3 Kf7 44.
Kf3 h5 45. Kg3 Kg6 46. Kh4 Kh6 47. Kh3 Kg6 48. Kh4 Kh6 49. Kh3 Kg6 50. Kh4 1/2-1/2

[Event "Early-Titled-Tuesday-Blitz-January-16-2024"]
[Site "Chess.com"]
[Date "2024.01.16"]
[Round "2"]
[White "Kolle05"]
[Black "Jumbo"]
[Result "0-1"]
[WhiteElo "2607"]
[BlackElo "2935"]
[TimeControl "180+1"]
[EndTime "8:17:25 PST"]
[Termination "Jumbo won by checkmate"]

1. e4 c5 2. Nf3 d6 3. d4 cxd4 4. Nxd4 Nf6 5. Nc3 Nc6 6. f3 e5 7. Nb3 Be7 8. Be3 a5 9. Bb5 O-O 10. Qd2 Be6 11. O-O-O Na7 12. Bxa7 Rxa7 13. Kb1 Qb6 14. a4 Raa8 15. g4 Rfd8 16. g5 Nh5 17.
Nd5 Bxd5 18. exd5 Rdc8 19. h4 Nf4 20. c4 Qd8 21. Rhg1 f6 22. c5 fxg5 23. c6 bxc6 24. dxc6 gxh4 25. Nd4 Bf6 26. Nf5 d5 27. Rg4 Ra7 28.
Rdg1 g6 29. Nxh4 Bxh4 30. Rh1 Bf6 31. Qh2 Rg7 32. Re1 Qd6 33. Qd2 Qc7 34. Rxf4 exf4 35. Qxd5+ Kh8 36. Re6 Rf8 37. Rd6 h5 38. Rd7 Rxd7 39.
cxd7 Qe5 40. Qd3 Qxb2# 0-1

[Event "Early-Titled-Tuesday-Blitz-January-16-2024"]
[Site "Chess.com"]
[Date "2024.01.16"]
[Round "2"]
[White "DvaHrasta"]
[Black "pfalcon1949"]
[Result "1-0"]
[WhiteElo "2436"]
[BlackElo "1965"]
[TimeControl "180+1"]
[EndTime "8:17:25 PST"]
[Termination "DvaHrasta won by resignation"]

1. c4 Nf6 2. g3 e5 3. Bg2 Nc6 4.
Nf3 d5 5. cxd5 Nxd5 6. O-O Be7 7.
d4 exd4 8. Nxd4 O-O 9. Nxc6 bxc6 10. Qa4 Bd7 11. Rd1 Nb6 12. Qa6 Nd5 13. Nc3 Nxc3 14. bxc3 Bd6 15. Ba3 Bxa3 16. Qxa3 Qc8 17. Qc5 Rb8 18.
Qxa7 Rb2 19. Qd4 Bh3 20. Bf3 Qe6 21. a4 h6 22. a5 c5 23. Qxc5 Rxe2 24. Bxe2 Qxe2 25.
Qe3 Qb2 26. a6 Ra8 27. g4 Bxg4 28. Qe4 Rxa6 29. Rxa6 Bxd1 30. Ra8+ 1-0

[Event "Early-Titled-Tuesday-Blitz-January-16-2024"]
[Site "Chess.com"]
[Date "2024.01.16"]
[Round "2"]
[White "Bauman_Guy"]
[Black "Lady_Nika"]
[Result "1-0"]
[WhiteElo "2915"]
[BlackElo "2599"]
[TimeControl "180+1"]
[EndTime "8:17:30 PST"]
[Termination "Bauman_Guy won on time"]

1. e4 e6 2. d4 d5 3. Nc3 Nf6 4. Bg5 Be7 5. e5 Nfd7 6. Bxe7 Qxe7 7. f4 a6 8. Nf3 c5 9. Ne2 cxd4 10. Nexd4 Nc6 11. Qd2 Nc5 12. Bd3 g6 13. h4 h5 14. c3 Bd7 15. Bc2 Nxd4 16. Nxd4 O-O-O 17. Qe3 f5 18. exf6 Qxf6 19. O-O-O Rhf8 20. g3 Kb8 21. Rhe1 Bc8 22. Nc6+ bxc6 23. Qxc5 Bb7 24. Re5 Rfe8 25. Rde1 Rd7 26. Bd3 Ree7 27. Qb6 Re8 28. Bxa6 d4 29. Bxb7 Rxb7 30. Qxd4 Rd8 31. Qe3 Qf7 32. Rxe6 Qg8 33. Re8 1-0

[Event "Early-Titled-Tuesday-Blitz-January-16-2024"]
[Site "Chess.com"]
[Date "2024.01.16"]
[Round "2"]
[White "Alex_Terzi"]
[Black "j2806"]
[Result "1-0"]
[WhiteElo "2446"]
[BlackElo "2070"]
[TimeControl "180+1"]
[EndTime "8:17:30 PST"]
[Termination "Alex_Terzi won by resignation"]

1. e4 c5 2. Nf3 d6 3. d4 cxd4 4.
Nxd4 Nf6 5. Nc3 a6 6. f3 e5 7. Nb3 Be6 8. Be3 Be7 9. Qd2 Nc6 10. O-O-O b6 11. g4 b5 12. h4 Na5 13. Nxa5 Qxa5 14. a3 b4 15. Nb1 Rb8 16. h5 Qa4 17. Qe2 Rc8 18. Rd2 Bc4 19. Qd1 Ba2 20. c3 Bxb1 21. Qxa4+ 1-0

[Event "Early-Titled-Tuesday-Blitz-January-16-2024"]
[Site "Chess.com"]
[Date "2024.01.16"]
[Round "2"]
[White "MightyGMpretender"]
[Black "aistrel"]
[Result "1-0"]
[WhiteElo "2839"]
[BlackElo "2565"]
[TimeControl "180+1"]
[EndTime "8:17:31 PST"]
[Termination "MightyGMpretender won by resignation"]

1. e4 c6 2. Nf3 d5 3. exd5 cxd5 4. Ne5 a6 5. d4 Nc6 6. Nxc6 bxc6 7. Bd3 Nf6 8. O-O Bg4 9. Qe1 e6 10. Bf4 Bd6 11. Qe3 Bh5 12. Nd2 Bg6 13. Bxd6 Qxd6 14.
Nb3 Nd7 15. Rac1 O-O 16. c4 Bxd3 17. Qxd3 Qb4 18. Qc3 Rfb8 19. Na5 Qxb2 20. Nxc6 Qxc3 21. Rxc3 Rb2 22. cxd5 exd5 23. Rfc1 Kf8 24. a3 Nb6 25. Ne5 f6 26. Nd3 Rd2 27. Nf4 Re8 28. g3 Rxd4 29.
Rc6 Rc4 30. R1xc4 Nxc4 31. a4 Re1+ 32. Kg2 Ra1 33. Rxa6 Nb2 34. Ra8+ Kf7 35. Ra7+ Kg8 36. a5 d4 37. Ne6 d3 38. Rxg7+ Kh8 39. Rb7 1-0

[Event "Early-Titled-Tuesday-Blitz-January-16-2024"]
[Site "Chess.com"]
[Date "2024.01.16"]
[Round "2"]
[White "MyDream003"]
[Black "Chernyavsky_A"]
[Result "1-0"]
[WhiteElo "2856"]
[BlackElo "2409"]
[TimeControl "180+1"]
[EndTime "8:17:31 PST"]
[Termination "MyDream003 won on time"]

1. e4 e6 2. d4 d5 3. Nc3 Bb4 4. e5 c5 5. a3 Bxc3+ 6. bxc3 Ne7 7. Nf3 Bd7 8. a4 Qa5 9. Bd2 c4 10. h4 Bxa4 11. h5 h6 12. Rh4 Nbc6 13. Rg4 Nf5 14.
Qc1 b5 15. Rf4 Qc7 16. Be2 g5 17. Rg4 O-O-O 18. Bd1 Ng7 19. Qa3 Nxh5 20. Qc5 Ng7 21. Nh2 Nf5 22. Rb1 Nce7 23. Qa3 Rhg8 24. Nf3 Rg6 25. Bc1 Rdg8 26. Qb4 Nc6 27. Qc5 Nd8 28. Qb4 Nc6 29. Qa3 f6 30. exf6 Rxf6 31. Qc5 Re8 32. Kf1 Ref8 33. Kg1 Nd6 34. Be3 Ne4 35. Qa3 Nd8 36.
Qc1 Qa5 37. Ne5 Qxc3 38. Bf3 Nd6 39. Ra1 Qb4 40. c3 Qa5 41. Qa3 Ne4 42. Qe7 Qc7 43. Qb4 Nd6 44. Qa3 Nc6 45. Rb1 Nb7 46. Ng6 R8f7 47. Ne5 1-0

[Event "Early-Titled-Tuesday-Blitz-January-16-2024"]
[Site "Chess.com"]
[Date "2024.01.16"]
[Round "2"]
[White "Pastore1978"]
[Black "Herman-NY"]
[Result "1-0"]
[WhiteElo "2272"]
[BlackElo "2497"]
[TimeControl "180+1"]
[EndTime "8:17:31 PST"]
[Termination "Pastore1978 won on time"]

1. e4 e5 2. Nf3 Nc6 3. d4 exd4 4. Nxd4 Nf6 5. Nxc6 bxc6 6. e5 Qe7 7. Qe2 Nd5 8. h4 Qe6 9. Nd2 Be7 10. a3 Bb7 11. c4 Nb6 12. f4 c5 13. Rh3 O-O 14. b3 Rae8 15. Bb2 f6 16. O-O-O fxe5 17. fxe5 Rf4 18. Qe3 Ref8 19. Bd3 a5 20. a4 Qh6 21.
Kb1 Qe6 22. Ne4 Bxe4 23. Bxe4 Kh8 24. Qd3 Qh6 25. Rg3 Bxh4 26. Rh3 Qe6 27. Rdh1 g5 28. g3 1-0

[Event "Early-Titled-Tuesday-Blitz-January-16-2024"]
[Site "Chess.com"]
[Date "2024.01.16"]
[Round "2"]
[White "MidnightFox"]
[Black "mertfelin"]
[Result "1-0"]
[WhiteElo "2502"]
[BlackElo "2234"]
[TimeControl "180+1"]
[EndTime "8:17:31 PST"]
[Termination "MidnightFox won by resignation"]

1. e4 e5 2. Nf3 Nc6 3. Bb5 a6 4. Ba4 Nf6 5. d3 d6 6. O-O g6 7.
a3 Bg7 8. c4 Bg4 9. Be3 O-O 10.
Nbd2 h6 11. h3 Bd7 12. b4 Ne7 13. Bxd7 Nxd7 14. Qb3 Kh8 15. Rac1 f5 16. exf5 gxf5 17. Nb1 Qe8 18. Nc3 Nf6 19. c5 Qh5 20. Qe6 Rae8 21. cxd6 Nc6 22. Qc4 cxd6 23. a4 e4 24. dxe4 fxe4 25. Nd2 Ne5 26. Qc7 Rc8 27. Qxb7 Nd3 28.
Qxa6 Nxc1 29. Rxc1 Nd5 30. Na2 Rxc1+ 31. Nxc1 Qd1+ 32.
Nf1 Nxe3 33. fxe3 Rxf1+ 34. Qxf1 1-0